 Dungeon Crawl Stone Soup version 0.29-a0-330-g52719c12eb (webtiles) character file.

Game seed: 17887346469111085161

225 kae the Firebug (level 6, 0/39 HPs)
             Began as an Octopode Fire Elementalist on Apr 18, 2022.
             Killed by nerve-wracking pain
             ... invoked by an orc priest
              (14 damage)
             ... on level 3 of the Dungeon.
             The game lasted 00:01:31 (2942 turns).

kae the Firebug (Octopode Fire Elementalist)        Turns: 2942, Time: 00:01:31

Health: 0/39       AC:  1    Str:  7    XL:     6   Next: 1%
Magic:  1/9        EV: 13    Int: 20    God:
Gold:   139        SH:  0    Dex: 12    Spells: 9/10 levels left

rFire   . . .      SeeInvis .   l - +1 dagger (venom)
rCold   . . .      Faith    .   (no shield)
rNeg    . . .      Spirit   .   (helmet restricted)
rPois   .          Reflect  .   (no amulet)
rElec   .          Harm     .   (no ring)
rCorr   .          Rampage  .   (no ring)
Will    .....                   (no ring)
Stlth   +++.......              (no ring)
HPRegen 0.13/turn               (no ring)
MPRegen 0.11/turn               (no ring)
                                (no ring)
                                (no ring)

@: no status effects
A: almost no armour, amphibious, 8 rings, camouflage 1, gelatinous body 1,
(nimble swimmer 1), tentacles
a: no special abilities


You were on level 3 of the Dungeon.
You visited 1 branch of the dungeon, and saw 4 of its levels.

You collected 139 gold pieces.

Inventory:

Hand Weapons
 d - a +0 whip
 j - the +1 short sword "kae's Bane" {flame, rC++ Str-3 Dex+4}
   (You found it on level 2 of the Dungeon)

   It burns those it strikes, dealing additional fire damage.
   Str:       It affects your strength (-3).
   Dex:       It affects your dexterity (+4).
   rC:        It greatly protects you from cold.
 l - a +1 dagger of venom (weapon)
Jewellery
 i - a ring of poison resistance
Scrolls
 b - 4 scrolls of teleportation {unknown}
 e - a scroll of summoning {unknown}
 g - a scroll of silence {unknown}
 m - 2 scrolls of enchant armour {unknown}
 o - a scroll of fear {unknown}
 p - a scroll of enchant weapon {unknown}
 q - 5 scrolls of identify {unknown}
Potions
 a - 2 potions of magic
 c - 4 potions of curing
 f - 2 potions of haste {unknown}
 h - 2 potions of heal wounds {unknown}
 k - a potion of resistance {unknown}
 n - a potion of cancellation {unknown}


   Skills:
 + Level 1.7 Fighting
 + Level 2.9 Dodging
 + Level 4.0 Stealth
 + Level 2.6 Spellcasting
 + Level 2.2 Conjurations
 * Level 4.4 Fire Magic


You had 9 spell levels left.
You knew the following spells:

 Your Spells              Type           Power      Damage    Failure   Level
a - Foxfire               Conj/Fire      60%        2x1d7     3%          1

Your spell library contained the following spells:

 Spells                   Type           Power      Damage    Failure   Level
 Scorch                   Fire           40%        2d7       3%          2
 Conjure Flame            Conj/Fire      15%        6-21      12%         3
 Inner Flame              Hex/Fire       11%        N/A       19%         3
 Flame Wave               Conj/Fire      15%        2d6       36%         4


Dungeon Overview and Level Annotations

Branches:
Dungeon (4/15)
 Temple: D:4-7

Altars:


Innate Abilities, Weirdness & Mutations

You cannot wear most types of armour.
You are amphibious.
You can wear up to eight rings at the same time.
Your skin changes colour to match your surroundings (Stealth+).
Your rubbery body absorbs attacks. (AC +1, EV +1)
((You are camouflaged when in or above water. (Stealth+)))
You have tentacles for arms and can constrict up to eight enemies at once.


Message History

The goblin shouts!
The foxfire hits the orc.
You kill the orc!
The foxfire hits the goblin.
The goblin is severely wounded.
The orc priest invokes the aid of Beogh against you.
Beogh smites you!
You have reached level 6!
Casting: Foxfire (safe; 3% risk of failure)
Confirm with . or Enter, or press ? or * to list all spells.
You conjure some foxfire!
The orc priest calls down the wrath of Beogh upon you.
Beogh smites you!
* * * LOW HITPOINT WARNING * * *
The foxfire hits the goblin!
You kill the goblin!
The orc priest invokes the aid of Beogh against you.
Pain shoots through your body!
* * * LOW HITPOINT WARNING * * *
Your Stealth skill increases to level 4!
Casting: Foxfire (safe; 3% risk of failure)
Confirm with . or Enter, or press ? or * to list all spells.
You conjure some foxfire!
The foxfire hits the orc priest.
The orc priest is heavily wounded.
The foxfire hits the orc priest.
The orc priest is severely wounded.
The foxfire hits the orc priest.
The orc priest is severely wounded.
Your magical contamination has completely faded away.
You feel better.
Casting: Foxfire (safe; 3% risk of failure)
Confirm with . or Enter, or press ? or * to list all spells.
You conjure some foxfire!
The foxfire hits the orc priest.
The orc priest is almost dead.
The foxfire hits the orc priest.
The orc priest is almost dead.
The orc priest calls down the wrath of Beogh upon you.
Pain shoots through your body!
You die...

..........##.#
##..........#.#
..^............
#.###..)..........
.............)))..
#............>....
#........§.o..#
..........§@.)#
#...........###
>...........#### #
#............... .
#...........####
.# #...........#
#. ##.........##
..### #..........#
.[..# #>.........#


You could see an orc priest.

Vanquished Creatures
  A scorpion (D:4)
  A hound (D:4)
  An orc wizard (D:3)
  3 adders
  A worm (D:3)
  A dart slug (D:2)
  7 orcs (D:3)
  9 endoplasms
  A giant cockroach (D:4)
  8 goblins
  9 hobgoblins
  7 kobolds
  3 quokkas
  6 ball pythons
  5 bats
  4 frilled lizards
  5 rats (D:1)
72 creatures vanquished.

Vanquished Creatures (others)
  175 foxfires
175 creatures vanquished.

Grand Total: 247 creatures vanquished

Notes
Turn   | Place    | Note
-------+----------+-------------------------------------------
     0 | D:1      | kae the Octopode Fire Elementalist began the quest for the
                  | Orb.
     0 | D:1      | Reached XP level 1. HP: 11/11 MP: 3/3
   162 | D:1      | Reached XP level 2. HP: 4/18 MP: 1/5
   714 | D:1      | Reached XP level 3. HP: 18/22 MP: 1/6
   780 | D:1      | Found a faded altar of an unknown god.
  1563 | D:2      | Identified the +1 short sword "kae's Bane" {flame, rC++
                  | Str-3 Dex+4}
  1823 | D:2      | You fall into a shaft and drop 2 floors!
  1823 | D:4      | Noticed a scorpion
  1836 | D:4      | Killed a scorpion
  1837 | D:4      | Reached skill level 1 in Fighting
  1837 | D:4      | Reached XP level 4. HP: 7/28 MP: 1/7
  2034 | D:4      | Reached XP level 5. HP: 16/33 MP: 2/8
  2936 | D:3      | Reached XP level 6. HP: 24/39 MP: 4/9
  2942 | D:3      | Killed from afar by an orc priest

Illustrated notes

Levels and vault maps discovered:
D:1:      saegor_arrival_simple_a, layout_basic,
          shapermc_ecumenical_altar_totnotflames
D:2:      layout_rooms
D:3:      layout_rooms
D:4:      layout_basic

Skill      XL: |  1  2  3  4  5  6 |
---------------+-------------------+-----
Stealth        | 3 4 |  4.0
Fighting       | 1 |  1.7
Fire Magic     | 4 |  4.4
Conjurations   | 2 |  2.2
Dodging        | |  2.9
Spellcasting   | |  2.6

Action                   |  1- 3 |  4- 6 || total
-------------------------+-------+-------++-------
Melee: Whip              |    24 |       ||    24
       Constrict         |     9 |     7 ||    16
       Unarmed           |     3 |       ||     3
       Tentacles         |     5 |     2 ||     7
       Dagger            |     7 |    23 ||    30
       Short sword       |     2 |       ||     2
 Cast: Foxfire           |    48 |    53 ||   101
  Use: Potion            |       |     2 ||     2
 Stab: Distracted        |     1 |       ||     1
       Sleeping          |     1 |       ||     1
Armor: Skin              |     4 |       ||     4
Dodge: Dodged            |    27 |    20 ||    47

Table legend: (Time is in decaauts)
 A = Elapsed time spent in this place.
 B = Non-inter-level travel time spent in this place.
 C = Inter-level travel time spent in this place.
 D = Time resting spent in this place.
 E = Time spent auto-exploring this place.
 F = Levels seen in this place.
 G = Mean time per level.
                   A        B        C        D        E       F      G
               +--------+--------+--------+--------+--------+-----+--------+
         Total |   2942 |   2938 |      4 |      0 |   2509 |   4 |  735.5 |
       Dungeon |   2942 |   2938 |      4 |      0 |   2509 |   4 |  735.5 |
               +--------+--------+--------+--------+--------+-----+--------+

Top non-repeatable levels by time:
     D:1: 1498 daAuts
     D:4: 773 daAuts
     D:3: 344 daAuts
     D:2: 325 daAuts
